 Dungeon Crawl Stone Soup version 0.23-a0-49-gd9f7a49668 (webtiles) character file.

76219 Htamos the Warrior (level 15, -28/149 HPs)
             Began as a Minotaur Berserker on Aug 7, 2018.
             Was a High Priest of Trog.
             Killed from afar by a deep elf mage (33 damage)
             ... with a bolt of negative energy
             ... on level 1 of the Elven Halls.
             The game lasted 00:39:26 (20046 turns).

Htamos the Warrior (Minotaur Berserker)            Turns: 20046, Time: 00:39:26

Health: -28/149    AC: 32    Str: 27    XL:     15   Next: 11%
Magic:  4/4        EV:  8    Int:  4    God:    Trog [*****.]
Gold:   1512       SH:  3    Dex: 13    Spells: 14/14 levels left

rFire    . . .     SeeInvis .   P - +3 great mace (antimagic)
rCold    + . .     Gourm    .   (shield currently unavailable)
rNeg     . . .     Faith    .   G - +3 plate armour of Zeuleena {rElec Regen+ Dex+2}
rPois    .         Spirit   .   (helmet restricted)
rElec    +         Reflect  +   M - +2 cloak {MR+}
rCorr    .         Harm     .   D - +1 pair of gloves
MR       ++...                  Q - +1 pair of boots
Stlth    ..........             r - +3 amulet of reflection
HPRegen  0.74/turn              R - ring of protection from cold
MPRegen  0.09/turn              h - +4 ring of protection

@: lethally poisoned (-28 -> -28), heavily drained
A: retaliatory headbutt, horns 2
a: Berserk, Trog's Hand, Brothers in Arms, Renounce Religion


You were on level 1 of the Elven Halls.
You worshipped Trog.
Trog was extremely pleased with you.
You were hungry.

You visited 3 branches of the dungeon, and saw 18 of its levels.
You also visited: Labyrinth and Sewer.

You collected 1975 gold pieces.
You spent 463 gold pieces at shops.

Inventory:

Hand Weapons
 a - a +1 mace
 b - a +0 short sword of speed
 q - a +3 great mace
 A - a +1 eveningstar of holy wrath
 B - a +3 flail
 E - a +2 dire flail of crushing
 I - the +9 great mace "Duuberhe" {venom, rC- MR+ Dex+2}
   (You acquired it on level 1 of the Orcish Mines)

   It poisons the flesh of those it strikes.
   It affects your dexterity (+2).
   It makes you vulnerable to cold.
   It affects your resistance to hostile enchantments.
 P - a +3 antimagic great mace (weapon)
 V - the +8 hand crossbow of Evisceration {velocity, Str+2}
   (You took it off a minotaur in a labyrinth)

   Any bolt fired from it inflicts extra damage.
   It affects your strength (+2).
Armour
 k - a +0 plate armour
 l - a scarf of cloud immunity
 p - a scarf of cloud immunity
 x - the +1 scale mail of the Six Tables {rC+ Int+4}
   (You found it on level 5 of the Dungeon)

   It affects your intelligence (+4).
   It protects you from cold.
 D - a +1 pair of gloves (worn)
 G - the +3 plate armour of Zeuleena (worn) {rElec Regen+ Dex+2}
   (You found it on level 14 of the Dungeon)

   It affects your dexterity (+2).
   It insulates you from electricity.
   It increases your rate of regeneration.
 K - the +7 plate armour "Isuczinul" {rF+ Str+2 Int+4}
   (You found it on level 11 of the Dungeon)

   It affects your strength (+2).
   It affects your intelligence (+4).
   It protects you from fire.
 M - a +2 cloak of magic resistance (worn)
 Q - a +1 pair of boots (worn)
 Z - the +5 ring mail "Dyiloq" {rPois Dex+5}
   (You found it in a labyrinth)

   It affects your dexterity (+5).
   It protects you from poison.
Jewellery
 g - a +3 ring of evasion
 h - a +4 ring of protection (right hand)
 n - an uncursed ring of protection from cold
 r - a +3 amulet of reflection (around neck)
 s - an uncursed amulet of the acrobat
 R - a ring of protection from cold (left hand)
 X - an uncursed ring of magical power
Wands
 w - a wand of acid (10)
 W - a wand of random effects (21)
 Y - a wand of flame (15)
Scrolls
 e - 7 scrolls of remove curse
 i - 9 scrolls of teleportation
 o - 9 scrolls of magic mapping
 y - 2 scrolls of fear
 C - 4 scrolls of enchant armour
 J - 3 scrolls of fog
 O - 3 scrolls of immolation
Potions
 d - a potion of resistance {unknown}
 f - a potion of brilliance {unknown}
 j - a potion of berserk rage
 m - a potion of heal wounds
 t - 3 potions of curing
 u - a potion of cancellation
 v - 4 potions of haste
 z - 2 potions of flight
 F - a potion of agility
 H - 2 potions of lignification {unknown}
Comestibles
 c - 18 rations
 L - 2 chunks of flesh


   Skills:
 + Level 17.8(14.7) Fighting
 + Level 17.8(14.7) Maces & Flails
 + Level 17.7(14.6) Armour
 - Level 2.1(0.1) Dodging


You had 14 spell levels left.
You didn't know any spells.
Your spell library was empty.

Dungeon Overview and Level Annotations

Branches:
Dungeon (15/15)            Temple (0/1) D:7            Lair (0/6) D:11
    Orc (2/2) D:9             Elf (1/3) Orc:2        Vaults (0/5) D:13
 Depths (0/5) D:15

Altars:
Fedhas
Kikubaaqudgha
Nemelex Xobeh
Okawaru
Sif Muna
Vehumet
Beogh

Shops:
D:7 ?   D:8 *   D:10 (   Orc:2 ((!(:

Portals:
Trove: D:11 (give +7 demon blade)


Innate Abilities, Weirdness & Mutations

You reflexively headbutt those who attack you in melee.
You have a pair of horns on your head.


Message History

You feel sick.
You feel sick.
You feel sick.
You feel sick.
A deep elf mage comes into view. It is wielding a staff of power.
You feel sick.
The deep elf mage shouts!
You feel sick.
You feel sick. The deep elf mage casts a spell at you.
The bolt of negative energy hits you!
You feel drained.
* * * LOW HITPOINT WARNING * * *
You closely miss the deep elf mage.
The deep elf mage hits you but does no damage.
You barely miss the deep elf mage. You headbutt the deep elf mage.
The deep elf mage is lightly wounded.
You feel sick. The deep elf mage casts a spell at you.
The bolt of negative energy hits you!
You feel drained.
You die...

.# ##.#.#.#.###e .#
#.#[#.#.#.E33 ###.#
##.#.#.#)###E ####
#...# #.#E#.#### .
#..### #...# ##.#.## 1
## .#.##.####..###3####
#
#.##...#.#.#..##.##.E##
.#.#...#)###...)##..##
.......#((.)..)e@.###
.......#.###....###
.......#.#.#..###
.......#(##.###
.......#(.###
....(...###...
...#........#
#####.####### #.#


You could see a sun demon, an earth elemental, a water elemental and a deep elf
mage.

Vanquished Creatures
  Saint Roka (Orc:2)
  Rupert (D:12)
  Roxanne (D:15)
  Louise (D:15)
  Nessos (Orc:2)
  A minotaur (Lab)
  An ettin (D:14)
  Snorg (D:9)
  Erolcha (Orc:2)
  2 rakshasas
  A vault guard (D:13)
  4 hydras
  Erica (D:8)
  2 centaur warriors
  4 ogre magi
  15 two-headed ogres
  3 dancing weapons (Elf:1)
  2 tengu warriors
  Urug (D:12)
  Sonja (Orc:1)
  A deep elf knight (Elf:1)
  Nergalle (Orc:2)
  A sea snake (shapeshifter) (D:13)
  2 deep elf archers (Elf:1)
  An unseen horror (D:14)
  A wizard (D:15)
  An obsidian statue (D:11)
  A wolf spider (D:13)
  An orc knight (D:15)
  11 ugly things
  3 manticores
  9 orc sorcerers
  4 cyclopes
  7 deep elf magi
  A centaur zombie (D:15)
  2 gargoyles
  Maurice (D:10)
  4 centaur skeletons
  2 komodo dragons (D:13)
  A minotaur skeleton (Lab)
  9 trolls
  A tengu conjurer (D:14)
  3 hornets
  8 slime creatures
  2 dream sheep (D:8)
  A water elemental (Elf:1)
  4 shadows
  A wyvern (D:10)
  A vampire (D:12)
  3 fire elementals (Elf:1)
  2 wraiths
  12 yaks
  A hungry ghost (D:10)
  A steam dragon (D:14)
  5 wargs
  An acid dragon (D:11)
  Duvessa (D:5)
  A soldier ant (D:15)
  A water moccasin (D:7)
  15 orc warriors
  Purgy (Sewer)
  A black bear (D:10)
  4 ice beasts
  A sky beast (D:10)
  3 eyes of draining
  A phantom (D:4)
  13 ogres
  5 necrophages
  4 centaurs
  2 crocodiles (D:12)
  5 big kobolds
  9 bullfrogs
  A gnoll sergeant (D:8)
  Dowan (D:5)
  3 wyvern skeletons
  4 scorpions
  7 killer bees
  5 howler monkeys
  A spriggan skeleton (Lab)
  8 wights
  14 crimson imps
  4 bullfrog zombies
  A quasit (D:7)
  4 hounds
  9 orc priests
  33 orc wizards
  4 bullfrog skeletons
  4 jellies
  Jessica (D:3)
  11 worker ants
  6 iguanas
  A hound skeleton (D:9)
  6 gnolls
  11 adders
  A river rat (D:6)
  4 shadow imps
  3 adder skeletons
  7 worms
  2 dart slugs (D:1)
  7 leopard geckos
  69 orcs
  4 giant cockroaches
  8 goblins
  12 hobgoblins
  2 jackals (D:9)
  4 quokkas
  4 ball pythons
  3 bats
  7 frilled lizards
  A jackal skeleton (D:5)
  9 kobolds
  A quokka skeleton (D:8)
  7 rats
516 creatures vanquished.

Vanquished Creatures (collateral kills)
  2 two-headed ogres (D:9)
  A bullfrog skeleton (D:9)
3 creatures vanquished.

Vanquished Creatures (others)
  4 orcs
  A kobold (D:12)
5 creatures vanquished.

Grand Total: 524 creatures vanquished

Notes
Turn   | Place    | Note
-------+----------+-------------------------------------------
     0 | D:1      | Htamos the Minotaur Berserker began the quest for the Orb.
     0 | D:1      | Reached XP level 1. HP: 19/19 MP: 0/0
   321 | D:1      | Reached XP level 2. HP: 20/27 MP: 1/1
  1096 | D:1      | Reached XP level 3. HP: 19/33 MP: 2/2
  1395 | D:2      | Reached ** piety under Trog
  1588 | D:2      | Reached XP level 4. HP: 36/41 MP: 3/3
  2005 | D:2      | Found a sparkling altar of Nemelex Xobeh.
  2570 | D:3      | Found a blossoming altar of Fedhas.
  2572 | D:3      | Noticed Jessica
  2589 | D:3      | Killed Jessica
  3009 | D:3      | Reached skill level 5 in Fighting
  3009 | D:3      | Reached skill level 5 in Maces & Flails
  3009 | D:3      | Reached XP level 5. HP: 23/48 MP: 4/4
  3212 | D:4      | Noticed a phantom
  3225 | D:4      | Killed a phantom
  3225 | D:4      | Reached XP level 6. HP: 56/56 MP: 5/5
  3629 | D:4      | Reached skill level 5 in Armour
  4057 | D:5      | Entered Level 5 of the Dungeon
  4057 | D:5      | Noticed an ice beast
  4062 | D:5      | Killed an ice beast
  4254 | D:5      | Got an ancient scale mail
  4260 | D:5      | Identified the +1 scale mail of the Six Tables {rC+ Int+4} (You found it on level 5 of the Dungeon)
  4354 | D:5      | Noticed Duvessa
  4355 | D:5      | Noticed Dowan
  4364 | D:5      | Killed Duvessa
  4364 | D:5      | Reached XP level 7. HP: 64/64 MP: 6/6
  4367 | D:5      | Killed Dowan
  4503 | D:5      | Reached *** piety under Trog
  4980 | D:6      | Found a glowing drain.
  5004 | Sewer    | Entered a sewer
  5053 | Sewer    | Noticed Purgy
  5071 | Sewer    | Killed Purgy
  5071 | Sewer    | Reached XP level 8. HP: 69/73 MP: 7/7
  5231 | D:6      | Found an iron altar of Okawaru.
  5415 | D:6      | Found a deep blue altar of Sif Muna.
  5666 | D:7      | Found Kodasuwe's Magic Scroll Boutique.
  5670 | D:7      | Bought a scroll of enchant armour for 90 gold pieces
  5670 | D:7      | Bought 3 scrolls of magic mapping for 126 gold pieces
  5967 | D:7      | Reached **** piety under Trog
  5972 | D:7      | Found a staircase to the Ecumenical Temple.
  5973 | D:7      | Noticed a hornet
  5992 | D:7      | Killed a hornet
  6488 | D:8      | Reached XP level 9. HP: 77/82 MP: 8/8
  6917 | D:8      | Noticed Erica
  6938 | D:8      | Killed Erica
  7280 | D:8      | Found Petej's Elemental Accessories.
  7347 | D:8      | Reached skill level 10 in Fighting
  7347 | D:8      | Reached skill level 10 in Maces & Flails
  7534 | D:8      | Reached skill level 10 in Armour
  7544 | D:8      | Noticed a three-headed hydra
  7558 | D:8      | Killed a three-headed hydra
  7558 | D:8      | Reached XP level 10. HP: 94/94 MP: 9/9
  8134 | D:9      | Paralysed by a hornet for 3 turns
  8595 | D:9      | Noticed a two-headed ogre
  8595 | D:9      | Noticed a two-headed ogre
  8645 | D:9      | Killed a two-headed ogre
  8646 | D:9      | Killed a two-headed ogre
  9030 | D:9      | Found a staircase to the Orcish Mines.
  9126 | D:9      | Found a roughly hewn altar of Beogh.
  9178 | D:9      | Reached XP level 11. HP: 94/103 MP: 10/10
  9370 | D:10     | Entered Level 10 of the Dungeon
  9545 | D:10     | Noticed a two-headed ogre
  9561 | D:10     | Killed a two-headed ogre
  9777 | D:10     | Noticed Maurice
  9778 | D:10     | Paralysed by Maurice for 4 turns
  9834 | D:10     | Paralysed by something for 7 turns
  9854 | D:10     | Paralysed by something for 6 turns
  9916 | D:10     | Found Gerhul's Weapon Shoppe.
 10094 | D:10     | Killed Maurice
 10135 | D:10     | Reached ***** piety under Trog
 10418 | D:11     | Noticed a green ugly thing
 10434 | D:11     | Killed a green ugly thing
 10585 | D:11     | Found a portal to a secret trove of treasure.
 10753 | D:11     | Noticed a four-headed hydra
 10756 | D:11     | Found a staircase to the Lair.
 10763 | D:11     | Killed a four-headed hydra
 11315 | D:11     | Noticed an obsidian statue
 11324 | D:11     | Killed an obsidian statue
 11329 | D:11     | Got a faintly humming plate armour
 11330 | D:11     | Identified the +7 plate armour "Isuczinul" {rF+ Str+2 Int+4} (You found it on level 11 of the Dungeon)
 11372 | D:12     | Noticed a two-headed ogre
 11379 | D:12     | Killed a two-headed ogre
 11383 | D:12     | Received a gift from Trog
 11432 | D:12     | Found a radiant altar of Vehumet.
 11570 | D:12     | Noticed Urug
 11580 | D:12     | Killed Urug
 11600 | D:12     | Reached XP level 12. HP: 85/114 MP: 11/11
 11701 | D:12     | Noticed Rupert
 11716 | D:12     | Killed Rupert
 12486 | D:13     | Noticed a four-headed hydra
 12495 | D:13     | Killed a four-headed hydra
 12698 | D:13     | Noticed a centaur warrior
 12710 | D:13     | Killed a centaur warrior
 13053 | D:13     | Noticed a vault guard
 13069 | D:13     | Killed a vault guard
 13195 | D:13     | Noticed a two-headed ogre
 13205 | D:13     | Killed a two-headed ogre
 13205 | D:13     | Received a gift from Trog
 13814 | D:13     | Reached skill level 15 in Maces & Flails
 13818 | D:13     | Reached XP level 13. HP: 102/124 MP: 4/12
 13953 | D:13     | Reached skill level 15 in Fighting
 14313 | D:13     | Found a gate to the Vaults.
 14724 | D:14     | Noticed an ettin
 14729 | D:14     | Killed an ettin
 14729 | D:14     | Reached skill level 15 in Armour
 14838 | D:14     | Got an ancient plate armour
 14839 | D:14     | Identified the +3 plate armour of Zeuleena {rElec Regen+ Dex+2} (You found it on level 14 of the Dungeon)
 15533 | D:15     | Entered Level 15 of the Dungeon
 15569 | D:15     | Noticed Louise
 15587 | D:15     | Killed Louise
 15686 | D:15     | Received a gift from Trog
 15743 | D:15     | Found a labyrinth entrance.
 15782 | Lab      | Entered a labyrinth
 16102 | Lab      | Noticed a minotaur
 16115 | Lab      | Killed a minotaur
 16117 | Lab      | Got a scintillating bone ring
 16120 | Lab      | Got a jewelled hand crossbow
 16121 | Lab      | Identified the +8 hand crossbow of Evisceration {velocity, Str+2} (You took it off a minotaur in a labyrinth)
 16126 | Lab      | Got a distressingly furry ring mail
 16128 | Lab      | Identified the ring of Pantheism {+Fly Str+2} (You took it off a minotaur in a labyrinth)
 16129 | Lab      | Identified the +5 ring mail "Dyiloq" {rPois Dex+5} (You found it in a labyrinth)
 16196 | D:15     | Noticed Roxanne
 16246 | D:15     | Reached XP level 14. HP: 97/137 MP: 7/13
 16612 | D:15     | Killed Roxanne
 17112 | D:15     | Found a staircase to the Depths.
 17601 | Orc:1    | Entered Level 1 of the Orcish Mines
 17604 | Orc:1    | Noticed Snorg
 17661 | D:9      | Killed Snorg
 17843 | Orc:1    | Found a roughly hewn altar of Beogh.
 17862 | Orc:1    | Noticed Sonja
 17885 | Orc:1    | Killed Sonja
 18147 | Orc:2    | Entered Level 2 of the Orcish Mines
 18205 | Orc:2    | Noticed Saint Roka
 18548 | Orc:2    | Killed Saint Roka
 18672 | Orc:2    | Noticed Nessos
 18688 | Orc:2    | Killed Nessos
 18840 | Orc:2    | Found a staircase to the Elven Halls.
 18956 | Orc:2    | Found Wutisch's Weapon Shop.
 19020 | Orc:2    | Received a gift from Trog
 19100 | Orc:2    | Found Atoadwops's Antique Weapon Shoppe.
 19128 | Orc:2    | Found Butret's Distillery.
 19156 | Orc:2    | Found an ancient bone altar of Kikubaaqudgha.
 19156 | Orc:2    | Noticed Nergalle
 19169 | Orc:2    | Killed Nergalle
 19230 | Orc:2    | Noticed Erolcha
 19231 | Orc:2    | Found a radiant altar of Vehumet.
 19239 | Orc:2    | Killed Erolcha
 19310 | Orc:2    | Found a roughly hewn altar of Beogh.
 19310 | Orc:2    | Found Ozoafia's Antique Weapon Emporium.
 19349 | Orc:2    | Found Ybyt's Book Shoppe.
 19368 | Orc:2    | Bought a runed great mace for 247 gold pieces
 19857 | Orc:1    | Identified a scroll of acquirement
 19858 | Orc:1    | Got an ichor-stained great mace
 19860 | Orc:1    | Identified the +9 great mace "Duuberhe" {venom, rC- MR+ Dex+2} (You acquired it on level 1 of the Orcish Mines)
 19884 | Elf:1    | Entered Level 1 of the Elven Halls
 19914 | Elf:1    | Received a gift from Trog
 19960 | Elf:1    | Reached XP level 15. HP: 139/148 MP: 14/14
 20024 | Elf:1    | Noticed a Hell Sentinel
 20044 | Elf:1    | HP: 5/149 [deep elf mage/bolt of negative energy (30)]
 20046 | Elf:1    | Killed from afar by a deep elf mage

Vault maps used:
D:1:      ebering_hopf_link, fountainhead, minmay_tetromino_i2
D:2:      nemelex_diamond_rough_becter
D:3:      first_ration, fedhas_altar_3, uniq_jessica
D:5:      uniq_duvessa
D:6:      tgw_sif, portal_sewer_entry_b, minivault_11, okawaru_altar_gauntlet_db
D:7:      minmay_temple_entry_mist, serial_shops, shop
D:8:      hangedman_ranch, dk_noncrumbling_4, nicolae_elemental_shop, uniq_erica
D:9:      minmay_orc_entry_temple_small, nicolae_sextant
D:10:     serial_shops, kennysheep_mini, uniq_maurice
D:11:     minmay_statue_hallways, enter_trove_6
D:12:     basic_altar, uniq_urug, uniq_rupert
D:13:     david_vaults_5
D:14:     serial_bayou_pond_d, kennysheep_just_a_vault
D:15:     grunt_enter_depths_magical_seal, lab_entry_generic, abandoned_shop,
          uniq_roxanne, uniq_louise
Orc:1:    basic_altar, uniq_sonja, uniq_snorg
Orc:2:    kennysheep_orc_mage_school, serial_shops, shop, uniq_nessos,
          uniq_saint_roka
Elf:1:    minmay_the_grid_triangle_9x9_recursive_2, evilmike_minifort,
          uniq_donald
Lab:      labyrinth_spiral, labyrinth_skeletal_remains, nicolae_lab_dead_end
Sewer:    sewer_co_purgy_island

Skill      XL: |  1  2  3  4  5  6  7  8  9 10 11 12 13 14 |
---------------+-------------------------------------------+-----
Maces & Flails | 4 5 6 7 8 10 12 13 15 16 17 | 17.8
Fighting       | 4 5 6 7 8 10 12 13 14 16 17 | 17.8
Armour         | 3 4 5 6 8 10 11 13 14 16 17 | 17.7
Dodging        | |  2.1

Action                   |  1- 3 |  4- 6 |  7- 9 | 10-12 | 13-15 || total
-------------------------+-------+-------+-------+-------+-------++-------
Melee: Mace              |    21 |    76 |   333 |   165 |       ||   595
       Headbutt          |    15 |    17 |    50 |   148 |   124 ||   354
       Short sword       |    66 |    25 |       |       |       ||    91
       Flail             |       |       |       |   385 |       ||   385
       Great mace        |       |       |       |    53 |   522 ||   575
Invok: Berserk           |       |     4 |     3 |    11 |    12 ||    30
       Trog's Hand       |       |       |     5 |     5 |     8 ||    18
       Brothers in Arms  |       |       |       |     1 |       ||     1
Evoke: Wand              |       |       |       |     9 |     7 ||    16
  Use: Scroll            |       |     3 |     5 |     8 |    14 ||    30
       Potion            |       |       |       |     3 |     6 ||     9
  Eat: Chunk             |     2 |     9 |    14 |    23 |    21 ||    69
       Ration            |       |     1 |       |     3 |     4 ||     8
Armor: Animal skin       |     3 |       |       |       |       ||     3
       Scale mail        |    11 |       |       |       |       ||    11
       Chain mail        |    18 |       |       |       |       ||    18
       Plate armour      |       |    50 |   221 |   374 |   389 ||  1034
Dodge: Dodged            |    40 |    36 |   107 |   192 |   182 ||   557
Block: Other             |       |     1 |    41 |    65 |    51 ||   158
       Reflection        |       |       |     2 |     2 |     2 ||     6

Table legend:
 A = Spawn XP
 B = Non-spawn XP
 C = Spawn XP percentage of total XP
 D = Spawn monster count
 E = Non-spawn monster count
 F = Spawn count percentage of total count
 G = Total turns spent on level
                    A         B        C        D         E        F      G
               +---------+---------+-------+---------+---------+-------+---------
         Total |       0 |  108885 |   0.0 |       0 |     519 |   0.0 | 20046
               +---------+---------+-------+---------+---------+-------+---------
           D:1 |       0 |      49 |   0.0 |       0 |      22 |   0.0 |  1216
           D:2 |       0 |      80 |   0.0 |       0 |      20 |   0.0 |  1137
           D:3 |       0 |     126 |   0.0 |       0 |      10 |   0.0 |   811
           D:4 |       0 |     247 |   0.0 |       0 |       8 |   0.0 |   893
           D:5 |       0 |     539 |   0.0 |       0 |      10 |   0.0 |   730
           D:6 |       0 |     314 |   0.0 |       0 |      20 |   0.0 |   602
           D:7 |       0 |    1243 |   0.0 |       0 |      26 |   0.0 |   897
           D:8 |       0 |    4030 |   0.0 |       0 |      38 |   0.0 |  1244
           D:9 |       0 |    5770 |   0.0 |       0 |      48 |   0.0 |  1776
          D:10 |       0 |    3177 |   0.0 |       0 |      18 |   0.0 |  1112
          D:11 |       0 |    4055 |   0.0 |       0 |      29 |   0.0 |  1006
          D:12 |       0 |    8651 |   0.0 |       0 |      38 |   0.0 |  1176
          D:13 |       0 |   12406 |   0.0 |       0 |      37 |   0.0 |  1851
          D:14 |       0 |    8313 |   0.0 |       0 |      24 |   0.0 |  1107
          D:15 |       0 |   30611 |   0.0 |       0 |      50 |   0.0 |  1576
         Orc:1 |       0 |    3919 |   0.0 |       0 |      32 |   0.0 |  1019
         Orc:2 |       0 |   15172 |   0.0 |       0 |      65 |   0.0 |  1176
         Elf:1 |       0 |    8410 |   0.0 |       0 |      15 |   0.0 |   162
           Lab |       0 |    1621 |   0.0 |       0 |       3 |   0.0 |   376
         Sewer |       0 |     152 |   0.0 |       0 |       6 |   0.0 |   179
               +---------+---------+-------+---------+---------+-------+---------
